 Dungeon Sprint DCSS version 0.15.0 (webtiles) character file.

27759 Iskender the Sensei (level 13, -1/69 HPs)
             Began as a Vine Stalker Monk on Aug 29, 2014.
             Was a High Priest of Qazlal.
             Slain by a shadow dragon (7 damage)
             ... in the Dungeon (Sprint I: "Red Sonja").
             The game lasted 00:35:31 (2399 turns).

Iskender the Sensei (Vine Stalker Monk)             Turns: 2399, Time: 00:35:32

HP  -1/69        AC 12     Str 14      XL: 13   Next: 34%
MP   0/31        EV 16     Int  4 (7)  God: Qazlal [*****.]
Gold 2103        SH  6     Dex 19 (22) Spells:  0 memorised, 12 levels left

rFire  + . .     SeeInvis +       - Unarmed
rCold  . . .     Clarity  .     o - +2 ring mail of the Cockroach {Dex+2 Int-3 Curse}
rNeg   . . .     rCorr    .     (no shield)
rPois  +         rRot     +     y - +1 helmet {SInv}
rElec  .         Spirit   +     (no cloak)
SustAb .         Warding  .     n - +1 pair of gloves
rMut   .         NoTele   +     m - +0 pair of boots
Gourm  .                        (no amulet)
MR     +....                    (no ring)
                                x - ring of poison resistance

@: protected from fire, very slightly contaminated, repel missiles, heavily
drained, somewhat resistant to hostile enchantments, very unstealthy
A: fangs 3, blurry vision 2, clumsy 1, regeneration 3, magic shield, antimagic
bite, no device heal 3, rot immunity
a: Upheaval, Elemental Force, Disaster Area, Renounce Religion


You were in the Dungeon.
You worshipped Qazlal.
Qazlal was extremely pleased with you.
You were hungry.

You visited 1 branch You collected 2873 gold pieces.
You spent 770 gold pieces at shops.

Inventory:

Hand weapons
 b - a +0 blowgun
 j - a +0 dagger of distortion
Missiles
 k - 6 curare-tipped needles
 q - 8 tomahawks (quivered)
 r - 29 arrows
 t - 11 arrows of flame
 A - 6 arrows of dispersal
Armour
 m - a +0 pair of boots (worn)
 n - a +1 pair of gloves (worn)
 o - the cursed +2 ring mail of the Cockroach (worn) {Dex+2 Int-3 Curse}
   (You bought it in a shop in the Dungeon)

   It affects your intelligence (-3).
   It affects your dexterity (+2).
   It may recurse itself when equipped.
   It has a curse placed upon it.
 w - a +3 chain mail of cold resistance
 y - a +1 helmet of see invisible (worn)
Magical devices
 a - a wand of magic darts (7)
Comestibles
 g - 7 rotting chunks of fire giant flesh
 i - a bread ration
 l - a meat ration
 u - 7 fruits
Scrolls
 p - a scroll of enchant weapon
 s - 3 scrolls of remove curse
 v - a scroll of identify
 z - a scroll of vulnerability {unknown}
 C - a scroll of immolation {unknown}
Jewellery
 x - a ring of poison resistance (left hand)
Potions
 c - 4 potions of curing
 d - a potion of mutation {unknown}
 e - 2 potions of might
 f - a potion of magic


   Skills:
 - Level 8.6(6.3) Fighting
 - Level 12.2(9.6) Dodging
 - Level 2.4(0.4) Stealth
 - Level 23.9(20.6) Unarmed Combat
 + Level 15.2(12.5) Invocations


You had 12 spell levels left.
You didn't know any spells.

Dungeon Overview and Level Annotations

Branches:
Dungeon (1/1)

Altars:
Cheibriados
Dithmenos
Elyvilon
Fedhas
Kikubaaqudgha
Makhleb
Nemelex Xobeh
Okawaru
Qazlal
Sif Muna
Trog
Vehumet
Xom
Yredelemnul
Zin
The Shining One
Jiyva

Shops:
D [(([(*([[*!**%*?([([*

Annotations:
D Norris, Tiamat


Innate Abilities, Weirdness & Mutations

You have razor-sharp teeth.
You regenerate.
When hurt, damage is shared between your health and your magic reserves.
Your bite disrupts and absorbs the magic of your enemies.
Potions and wands cannot restore your health.
You are immune to rotting.
Your vision is quite blurry.
You are clumsy. (Dex -2)


Message History

There is an open door here.
Use which ability? (? or * to list) Nature churns violently around you!
The blast of ice hits the golden dragon.
The golden dragon partially resists.
The golden dragon is moderately wounded.
The golden dragon is flash-frozen.
The blast of ice hits the golden dragon.
The golden dragon partially resists.
The golden dragon is heavily wounded.
The cutting wind hits the golden dragon.
The golden dragon gets badly buffeted.
The golden dragon is severely wounded.
The shadow dragon bites you!
* * * LOW HITPOINT WARNING * * *
You feel drained.
* * * LOW HITPOINT WARNING * * *
The shadow dragon claws you but does no damage.
The shadow dragon claws you!
You die...

##################
.§§§§.).§#^^'§§§.#
§.§§§##..'^^#.§.§##
#.§§#######)#§§§§§#
###'#|?)##..#§.§§.#
#@#§##$$$#..##.§..#
###..###$#..≈###§##
$$##.#A#$#..≈.}#§# #+#
..#..###$#.)≈(##@#§..§##
'##§##..$#..≈##§D.§§§..#
###..#+###.≈≈#.§§§§§§...
.###...#.≈≈.##...§§§§..§
.#.###.#.≈..#....§§§§...
.....#.###..#..D§§§§§§.
.....#)#.'..##......§.
..####'#.##'##$$$$$$$
###.)).#.#≈≈≈##$$$$$


You could see a shadow dragon and a golden dragon.

Vanquished Creatures
  the Lernaean hydra (D)
  4 fire giants (D)
  A lorocyproca (D)
  A deep elf annihilator (D)
  A mummy priest (D)
  A hydra (D)
  A centaur warrior (D)
  7 unseen horrors (D)
  A deep troll (D)
  A lindwurm (D)
  7 shining eyes (D)
  2 oklob plants (D)
  2 mermaids (D)
  2 gargoyles (D)
  2 kobold demonologists (D)
  4 demonic crawlers (D)
  A hellwing (D)
  Sonja (D)
  A slime creature (D)
  4 trapdoor spiders (D)
  An air elemental (D)
  A yak (D)
  13 hogs (D)
  An ogre (D)
  7 necrophages (D)
  3 yellow wasps (D)
  Sigmund (D)
  8 jellies (D)
  Ijyb (D)
  6 giant eyeballs (D)
  3 ballistomycetes (D)
90 creatures vanquished.

Vanquished Creatures (collateral kills)
  A shining eye (D)
  A giant eyeball (D)
2 creatures vanquished.

Vanquished Creatures (others)
  A centaur warrior (D)
  An air elemental (D)
  A water elemental (D)
  2 yellow wasps (D)
  2 giant spores (D)
7 creatures vanquished.

Grand Total: 99 creatures vanquished

Notes
Turn   | Place    | Note
--------------------------------------------------------------
     0 | D        | Iskender, the Vine Stalker Monk, began the quest for the Orb.
     0 | D        | Reached XP level 1. HP: 11/11 MP: 1/1
     1 | D        | Noticed Ijyb
     9 | D        | Killed Ijyb
     9 | D        | Reached skill level 6 in Unarmed Combat
     9 | D        | Reached XP level 2. HP: 16/16 MP: 3/3
    10 | D        | Noticed an ogre
    14 | D        | Killed an ogre
    14 | D        | Reached skill level 10 in Unarmed Combat
    14 | D        | Reached XP level 3. HP: 2/19 MP: 4/4
    14 | D        | Reached XP level 4. HP: 2/23 MP: 5/5
    80 | D        | Noticed Sigmund
    84 | D        | Killed Sigmund
    84 | D        | Reached XP level 5. HP: 27/27 MP: 7/7
    98 | D        | Found a deep blue altar of Sif Muna.
    99 | D        | Noticed a jelly
   100 | D        | Found a radiant altar of Vehumet.
   105 | D        | Killed a jelly
   105 | D        | Reached skill level 11 in Unarmed Combat
   129 | D        | Found Schuomp's Armour Emporium.
   129 | D        | Found a white marble altar of Elyvilon.
   129 | D        | Found a stormy altar of Qazlal.
   129 | D        | Found a burning altar of Makhleb.
   129 | D        | Found a basalt altar of Yredelemnul.
   129 | D        | Found a glowing golden altar of the Shining One.
   129 | D        | Found a sparkling altar of Nemelex Xobeh.
   129 | D        | Found a shimmering altar of Xom.
   129 | D        | Found an ancient bone altar of Kikubaaqudgha.
   129 | D        | Found a glowing silver altar of Zin.
   129 | D        | Noticed a yak
   130 | D        | Found an iron altar of Okawaru.
   136 | D        | Found a bloodstained altar of Trog.
   138 | D        | Became a worshipper of Qazlal Stormbringer
   138 | D        | Acquired Qazlal's first power
   138 | D        | Acquired Qazlal's second power
   145 | D        | Killed a yak
   145 | D        | Gained mutation: You heal very quickly. [vine stalker growth]
   145 | D        | Reached XP level 6. HP: 4/32 MP: 3/13
   150 | D        | Bought a +0 helmet for 49 gold pieces
   221 | D        | Found a snail-covered altar of Cheibriados.
   221 | D        | Found a viscous altar of Jiyva.
   221 | D        | Found a shadowy altar of Dithmenos.
   221 | D        | Found a blossoming altar of Fedhas.
   221 | D        | Noticed a slime creature
   230 | D        | Killed a slime creature
   230 | D        | Reached skill level 12 in Unarmed Combat
   230 | D        | Reached XP level 7. HP: 25/35 MP: 11/15
   260 | D        | Noticed a kobold demonologist
   263 | D        | Noticed a kobold demonologist
   263 | D        | Paralysed by a giant eyeball for 3 turns
   266 | D        | Killed a kobold demonologist
   266 | D        | Reached skill level 14 in Unarmed Combat
   270 | D        | Killed a kobold demonologist
   270 | D        | Reached skill level 15 in Unarmed Combat
   270 | D        | Gained mutation: You have razor-sharp teeth. [vine stalker growth]
   270 | D        | Reached XP level 8. HP: 39/39 MP: 4/18
   356 | D        | Noticed Sonja
   366 | D        | Killed Sonja
   434 | D        | Noticed a deep troll
   447 | D        | Killed a deep troll
   447 | D        | Acquired Qazlal's third power
   447 | D        | Reached XP level 9. HP: 43/43 MP: 15/22
   465 | D        | Found Oczau's Armour Emporium.
   471 | D        | Bought a +0 pair of boots for 45 gold pieces
   490 | D        | Found Xomot's Antique Armour Boutique.
   499 | D        | Bought a pair of runed gloves for 126 gold pieces
   505 | D        | Bought a heavily runed ring mail for 252 gold pieces
   517 | D        | Identified the +2 ring mail of the Cockroach {Dex+2 Int-3 Curse} (You bought it in a shop in the Dungeon)
   591 | D        | Noticed a centaur warrior
   591 | D        | Noticed a centaur warrior
   595 | D        | Killed a centaur warrior
   618 | D        | Killed a centaur warrior
   650 | D        | Noticed a yellow wasp
   655 | D        | Killed a yellow wasp
   655 | D        | Reached skill level 16 in Unarmed Combat
   668 | D        | Noticed an oklob plant
   668 | D        | Killed a yellow wasp
   681 | D        | Killed a yellow wasp
   703 | D        | Noticed a demonic crawler
   703 | D        | Noticed a demonic crawler
   703 | D        | Noticed a demonic crawler
   703 | D        | Noticed a demonic crawler
   723 | D        | Killed a demonic crawler
   729 | D        | Killed a demonic crawler
   745 | D        | Killed a demonic crawler
   745 | D        | Reached skill level 10 in Dodging
   751 | D        | Killed a demonic crawler
   751 | D        | Acquired Qazlal's fourth power
   824 | D        | Noticed a gargoyle
   843 | D        | Killed a gargoyle
   843 | D        | Reached skill level 17 in Unarmed Combat
   843 | D        | Reached XP level 10. HP: 22/47 MP: 10/23
   857 | D        | Noticed a lindwurm
   862 | D        | Killed a lindwurm
   891 | D        | Noticed a hog
   891 | D        | Noticed a hog
   891 | D        | Noticed a hog
   891 | D        | Noticed a hog
   891 | D        | Noticed a hog
   891 | D        | Noticed a hog
   891 | D        | Noticed a hog
   891 | D        | Noticed a hog
   891 | D        | Noticed a hog
   891 | D        | Noticed a hog
   892 | D        | Noticed a hog
   897 | D        | Killed a hog
   903 | D        | Killed a hog
   908 | D        | Killed a hog
   908 | D        | Reached skill level 18 in Unarmed Combat
   911 | D        | Killed a hog
   913 | D        | Killed a hog
   913 | D        | Acquired Qazlal's fifth power
   922 | D        | Killed a hog
   925 | D        | Killed a hog
   928 | D        | Killed a hog
   932 | D        | Killed a hog
   943 | D        | Noticed a hog
   944 | D        | Noticed a hog
   949 | D        | Killed a hog
   955 | D        | Killed a hog
   958 | D        | Killed a hog
   960 | D        | Killed a hog
   969 | D        | Noticed a 12-headed hydra
   981 | D        | Killed a 12-headed hydra
   987 | D        | Paralysed by a giant eyeball for 3 turns
  1029 | D        | Noticed a daeva
  1031 | D        | Noticed an unseen horror
  1031 | D        | Noticed an unseen horror
  1036 | D        | Killed an unseen horror
  1036 | D        | Reached skill level 19 in Unarmed Combat
  1036 | D        | Reached XP level 11. HP: 29/51 MP: 17/25
  1039 | D        | Killed an unseen horror
  1080 | D        | Noticed a mermaid
  1080 | D        | Noticed a deep elf annihilator
  1081 | D        | Noticed a hellwing
  1097 | D        | Noticed a mermaid
  1099 | D        | Killed a mermaid
  1107 | D        | Killed a mermaid
  1120 | D        | Killed a hellwing
  1120 | D        | Reached skill level 5 in Fighting
  1171 | D        | Noticed a yellow wasp
  1174 | D        | Killed a yellow wasp
  1175 | D        | Noticed a yellow wasp
  1176 | D        | Killed a yellow wasp
  1198 | D        | Killed a deep elf annihilator
  1203 | D        | Noticed a mummy priest
  1208 | D        | Noticed a jiangshi
  1265 | D        | Noticed a shining eye
  1265 | D        | Noticed a shining eye
  1265 | D        | Paralysed by a giant eyeball for 3 turns
  1267 | D        | Gained mutation: Your vision is a little blurry. [a shining eye]
  1271 | D        | Noticed a shining eye
  1278 | D        | Gained mutation: You are clumsy. (Dex -2) [a shining eye]
  1286 | D        | Killed a shining eye
  1290 | D        | Killed a shining eye
  1293 | D        | Noticed a shining eye
  1300 | D        | Killed a shining eye
  1300 | D        | Reached skill level 20 in Unarmed Combat
  1305 | D        | Noticed a shining eye
  1309 | D        | Paralysed by a giant eyeball for 4 turns
  1318 | D        | Killed a shining eye
  1322 | D        | Noticed a shining eye
  1323 | D        | Noticed a shining eye
  1326 | D        | Killed a shining eye
  1345 | D        | Gained mutation: Your vision is quite blurry. [a shining eye]
  1348 | D        | Killed a shining eye
  1353 | D        | Killed a shining eye
  1355 | D        | Noticed a shining eye
  1361 | D        | Paralysed by a giant eyeball for 4 turns
  1365 | D        | Killed a shining eye
  1365 | D        | Reached skill level 21 in Unarmed Combat
  1445 | D        | Found Biwy's Weapon Shoppe.
  1445 | D        | Found Boklalal's General Store.
  1445 | D        | Found Uluecvue's Weapon Emporium.
  1446 | D        | Found Igega's Antique Weapon Shop.
  1451 | D        | Bought 2 potions of might for 70 gold pieces
  1527 | D        | Killed an oklob plant
  1531 | D        | Noticed a trapdoor spider
  1531 | D        | Noticed a trapdoor spider
  1531 | D        | Noticed a trapdoor spider
  1532 | D        | Noticed a trapdoor spider
  1539 | D        | Killed a trapdoor spider
  1541 | D        | Killed a trapdoor spider
  1541 | D        | Gained mutation: You regenerate. [vine stalker growth]
  1541 | D        | Reached XP level 12. HP: 49/65 MP: 25/27
  1544 | D        | Killed a trapdoor spider
  1568 | D        | Killed a trapdoor spider
  1568 | D        | Reached skill level 10 in Invocations
  1585 | D        | Killed an unseen horror
  1594 | D        | Killed an unseen horror
  1638 | D        | Noticed a jelly
  1638 | D        | Noticed a jelly
  1639 | D        | Noticed a jelly
  1642 | D        | Killed a jelly
  1643 | D        | Noticed a jelly
  1643 | D        | Killed a jelly
  1644 | D        | Noticed a jelly
  1645 | D        | Killed a jelly
  1647 | D        | Killed a jelly
  1649 | D        | Killed a jelly
  1650 | D        | Noticed a jelly
  1650 | D        | Killed a jelly
  1656 | D        | Noticed a jelly
  1662 | D        | Killed a jelly
  1666 | D        | Noticed a necrophage
  1675 | D        | Killed a necrophage
  1679 | D        | Noticed a necrophage
  1680 | D        | Noticed a necrophage
  1685 | D        | Noticed a necrophage
  1687 | D        | Noticed a necrophage
  1690 | D        | Killed a necrophage
  1691 | D        | Killed a necrophage
  1692 | D        | Noticed a necrophage
  1693 | D        | Killed a necrophage
  1694 | D        | Killed a necrophage
  1695 | D        | Noticed a necrophage
  1697 | D        | Killed a necrophage
  1699 | D        | Killed a necrophage
  1743 | D        | Found Stidu's Antique Armour Shoppe.
  1743 | D        | Found Rauveam's Antique Weapon Shop.
  1743 | D        | Found Dynwo's Antique Armour Boutique.
  1745 | D        | Found Qaepeom's General Store.
  1745 | D        | Found Ucvaivagg's Distillery.
  1745 | D        | Found Lugruh's General Store.
  1745 | D        | Found Goduf's Assorted Antiques.
  1745 | D        | Found Praosto's Food Emporium.
  1745 | D        | Found Yfuc's Assorted Antiques.
  1745 | D        | Found Poemanku's Magic Scroll Shoppe.
  1745 | D        | Found Iher's Antique Weapon Boutique.
  1748 | D        | Found Kiocu's Weapon Emporium.
  1748 | D        | Found Thucs' Antique Armour Boutique.
  1749 | D        | Found Socaah's General Store.
  1769 | D        | Bought a pearl ring for 110 gold pieces
  1787 | D        | Bought a scroll of identify for 24 gold pieces
  1794 | D        | Bought a glowing helmet for 94 gold pieces
  1853 | D        | Noticed Norris
  1853 | D        | Noticed a lorocyproca
  1872 | D        | Killed a lorocyproca
  2026 | D        | Noticed an unseen horror
  2026 | D        | Noticed an unseen horror
  2028 | D        | Noticed an unseen horror
  2037 | D        | Killed an unseen horror
  2044 | D        | Killed an unseen horror
  2044 | D        | Reached skill level 22 in Unarmed Combat
  2045 | D        | Killed an unseen horror
  2107 | D        | Noticed a fire giant
  2110 | D        | Noticed a fire giant
  2113 | D        | Noticed a fire giant
  2113 | D        | Killed a fire giant
  2118 | D        | Killed a fire giant
  2118 | D        | Reached skill level 23 in Unarmed Combat
  2124 | D        | Killed a fire giant
  2125 | D        | Noticed a fire giant
  2133 | D        | Killed a fire giant
  2133 | D        | Reached XP level 13. HP: 41/69 MP: 25/29
  2157 | D        | Noticed Tiamat
  2223 | D        | Noticed a shadow dragon
  2223 | D        | Noticed a golden dragon
  2264 | D        | Killed a mummy priest
  2267 | D        | Noticed an oklob plant
  2268 | D        | Killed an oklob plant
  2278 | D        | Noticed the 27-headed Lernaean hydra
  2283 | D        | Noticed a gargoyle
  2294 | D        | Killed a gargoyle
  2294 | D        | Killed the 27-headed Lernaean hydra
  2294 | D        | Reached skill level 15 in Invocations
  2399 | D        | Slain by a shadow dragon

Action                   |  1- 3 |  4- 6 |  7- 9 | 10-12 | 13-15 || total
-------------------------+-------+-------+-------+-------+-------++-------
Melee: Unarmed           |     7 |    18 |    55 |   188 |    14 ||   282
 Fire: Blowgun           |       |       |     5 |     6 |       ||    11
Invok: Upheaval          |       |       |     7 |    20 |     7 ||    34
       Elemental Force   |       |       |     1 |     3 |     1 ||     5
       Disaster Area     |       |       |       |     1 |     2 ||     3
Evoke: Wand              |       |       |       |       |     1 ||     1
  Use: Potion            |     1 |       |     1 |     1 |     2 ||     5
       Scroll            |       |       |       |     2 |     1 ||     3
 Stab: Sleeping          |       |     3 |     1 |       |       ||     4
       Distracted        |       |       |       |     1 |       ||     1
  Eat: Chunk             |       |       |       |     2 |       ||     2
       Fruit             |       |       |       |     4 |       ||     4
